 Dungeon Crawl Stone Soup version 0.22-a0 (webtiles) character file.

46 sagitran the Skirmisher (level 3, -4/33 HPs)
             Began as a Hill Orc Fighter on Dec 31, 2017.
             Slain by an ogre
             ... wielding a +0 giant club
              (15 damage)
             ... on level 1 of the Dungeon.
             The game lasted 00:03:55 (1262 turns).

sagitran the Skirmisher (Hill Orc Fighter)          Turns: 1262, Time: 00:03:56

Health: -4/33      AC:  6    Str: 19    XL:     3   Next: 66%
Magic:  3/3        EV:  7    Int:  8    God:
Gold:   22         SH:  9    Dex: 10    Spells: 2/2 levels left

rFire    . . .     SeeInvis .   a - +0 war axe
rCold    . . .     Gourm    .   c - +0 shield
rNeg     . . .     Faith    .   b - +0 scale mail
rPois    .         Spirit   .   (no helmet)
rElec    .         Reflect  .   (no cloak)
rCorr    .         Harm     .   (no gloves)
MR       .....                  (no boots)
Stlth    ..........             (no amulet)
HPRegen  0.11/turn              (no ring)
MPRegen  0.08/turn              (no ring)

@: no status effects
A: no striking features
a: no special abilities


You were on level 1 of the Dungeon.
You were not hungry.

You visited 1 branch of the dungeon, and saw 2 of its levels.

You collected 22 gold pieces.

Inventory:

Hand Weapons
 a - a +0 war axe (weapon)
Armour
 b - a +0 scale mail (worn)
 c - a +0 shield (worn)
Jewellery
 e - an uncursed ring of fire {unknown}
Scrolls
 g - a scroll of noise {unknown}
 h - 2 scrolls of identify {unknown}
 i - a scroll of remove curse {unknown}
Potions
 d - a potion of might
 k - 2 potions of lignification {unknown}
Comestibles
 f - a ration


   Skills:
 + Level 4.3 Fighting
 + Level 3.7 Axes
 + Level 3.4 Armour
 + Level 3.8 Shields


You had 2 spell levels left.
You didn't know any spells.

Dungeon Overview and Level Annotations

Branches:
Dungeon (2/15)

Altars:


Message History

You see here a dagger.
An ogre comes into view. It is wielding a giant club.
The ogre moves out of view.
The ogre is too close now for your liking.
An ogre is nearby!
There is a stone staircase leading up here.
There is a stone staircase leading up here.
There is a stone staircase leading up here.
The ogre barely misses you.
You climb upwards.
There is a stone staircase leading down here.
You see here 2 stones.
The ogre hits you with a giant club! The ogre barely misses you.
The ogre hits you with a giant club!
You see here a short sword.
You see here 2 stones.
There is a stone staircase leading down here.
The ogre hits you with a giant club!
You die...

## #.......##..##.#....# ####
# #..[....##..##......# #...
# #.......##..##.##..## #...
# #######.##..##.....#####...
# ##..#..##..#.....##### #
#...........###.## # #
#...........###..##### #
#.....#...#...........
#....@......####.#####
##########.O..)...# #.#####
#....#####........# #.....#
#........)).......########.#
#..........................#
##..........###############.#
#####...........# #.#
....#...........# ###
....#...##......#


You could see an ogre.

Vanquished Creatures
  A gnoll (D:1)
  An adder (D:2)
  A ball python (D:1)
  A giant cockroach (D:1)
  5 goblins (D:1)
  2 hobgoblins (D:1)
  3 kobolds
  4 bats (D:1)
  A frilled lizard (D:1)
  9 rats
28 creatures vanquished.

Notes
Turn   | Place    | Note
-------+----------+-------------------------------------------
     0 | D:1      | sagitran the Hill Orc Fighter began the quest for the Orb.
     0 | D:1      | Reached XP level 1. HP: 19/19 MP: 1/1
    85 | D:1      | Reached XP level 2. HP: 23/27 MP: 2/2
    89 | D:1      | Reached skill level 4 in Fighting
   370 | D:1      | Reached XP level 3. HP: 32/33 MP: 3/3
  1159 | D:2      | Noticed an ogre
  1262 | D:1      | Slain by an ogre

Vault maps used:
D:1:      lemuel_arrival_behind_the_door_small

Skill      XL: |  1  2 |
---------------+-------+-----
Fighting       | 4 |  4.3
Axes           | 3 |  3.7
Armour         | |  3.4
Shields        | |  3.8

Action                   || total
-------------------------++-------
Melee: War axe           ||    67
  Eat: Chunk             ||     1
Armor: Scale mail        ||    28
Dodge: Dodged            ||    16
Block: Shield            ||    42

Table legend:
 A = Spawn XP
 B = Non-spawn XP
 C = Spawn XP percentage of total XP
 D = Spawn monster count
 E = Non-spawn monster count
 F = Spawn count percentage of total count
 G = Total turns spent on level
                    A         B        C        D         E        F      G
               +---------+---------+-------+---------+---------+-------+---------
         Total |       0 |      66 |   0.0 |       0 |      28 |   0.0 |  1262
               +---------+---------+-------+---------+---------+-------+---------
           D:1 |       0 |      50 |   0.0 |       0 |      25 |   0.0 |   830
           D:2 |       0 |      16 |   0.0 |       0 |       3 |   0.0 |   432
               +---------+---------+-------+---------+---------+-------+---------
